 Dungeon Crawl Stone Soup version 0.21-a0-552-g593960d (webtiles) character file.

1 tidbits the Caller (level 1, 0/13 HPs)
             Began as a Gnoll Summoner on Dec 18, 2017.
             Slain by a worm (3 damage)
             ... on level 3 of the Dungeon.
             The game lasted 00:01:19 (125 turns).

tidbits the Caller (Gnoll Summoner)                  Turns: 125, Time: 00:01:20

Health: 0/13       AC:  2    Str: 10    XL:     1   Next: 20%
Magic:  2/6        EV: 20    Int: 17    God:
Gold:   11         SH:  0    Dex: 20    Spells: 8/9 levels left

rFire    . . .     SeeInvis .   d - +0 dagger
rCold    . . .     Gourm    .   (no shield)
rNeg     . . .     Faith    .   a - +0 robe
rPois    .         Spirit   .   (no helmet)
rElec    .         Reflect  .   (no cloak)
rCorr    .         Harm     .   (no gloves)
MR       .....                  (no boots)
Stlth    ++++......             (no amulet)
HPRegen  0.04/turn              (no ring)
MPRegen  0.10/turn              (no ring)

@: agile, lethally poisoned (0 -> -5)
A: distributed training, fangs 1, strong nose
a: no special abilities


You were on level 3 of the Dungeon.
You were not hungry.

You visited 1 branch of the dungeon, and saw 3 of its levels.

You collected 11 gold pieces.

Inventory:

Hand Weapons
 d - a +0 dagger (weapon)
Armour
 a - a +0 robe (worn)
Scrolls
 f - a scroll of enchant weapon {unknown}
 g - a scroll of noise {unknown}
Books
 b - a book of Callings

   Spells                             Type                      Level
   a - Summon Small Mammal            Summoning                    1
   b - Call Imp                       Summoning                    2
   c - Call Canine Familiar           Summoning                    3
   d - Summon Guardian Golem          Hexes/Summoning              3
   e - Summon Lightning Spire         Summoning/Air                4
   f - Summon Ice Beast               Ice/Summoning                4
Comestibles
 c - a bread ration


   Skills:
 + Level 0.0 Fighting
 + Level 0.0 Short Blades
 + Level 0.0 Long Blades
 + Level 0.0 Axes
 + Level 0.0 Maces & Flails
 + Level 0.0 Polearms
 + Level 0.0 Staves
 + Level 0.0 Slings
 + Level 0.0 Bows
 + Level 0.0 Crossbows
 + Level 0.0 Throwing
 + Level 0.0 Armour
 + Level 4.4 Dodging
 + Level 4.0 Stealth
 + Level 0.0 Shields
 + Level 0.0 Unarmed Combat
 + Level 4.8 Spellcasting
 + Level 0.0 Conjurations
 + Level 0.0 Hexes
 + Level 0.0 Charms
 + Level 7.0 Summonings
 + Level 0.0 Necromancy
 + Level 0.0 Translocations
 + Level 0.0 Transmutations
 + Level 0.0 Fire Magic
 + Level 0.0 Ice Magic
 + Level 0.0 Air Magic
 + Level 0.0 Earth Magic
 + Level 0.0 Poison Magic
 + Level 0.0 Invocations
 + Level 0.0 Evocations


You had 8 spell levels left.
You knew the following spells:

 Your Spells              Type           Power        Failure   Level  Hunger
a - Summon Small Mammal   Summ           ####         1%          1    None


Dungeon Overview and Level Annotations

Branches:
Dungeon (3/15)

Altars:
Ru


Innate Abilities, Weirdness & Mutations

Your experience applies equally to all skills.
You have very sharp teeth.
Your uncanny sense of smell can sniff out nearby items.


Message History

Welcome, tidbits the Gnoll Summoner.
Will you prevail where others failed? Will you find the Orb of Zot?
Press ? for a list of commands and other information.
Found a staircase leading out of the dungeon.
You open the door.
There is an open door here.
Found a leather armour.
A kobold comes into view. It is wielding a dagger.
Casting: Summon Small Mammal
Confirm with . or Enter, or press ? or * to list all spells.
The kobold shouts!
Your quokka bites the kobold.
The kobold dies!
You swap places.
You see here a dagger.
d - a dagger Wield which item (- for none, * to show all)? (? for menu, Esc to quit)
d - a +0 dagger (weapon)
Found a stone staircase leading down.
There is a stone staircase leading down here.
You climb downwards.
Your summoned ally is left behind.
A rat comes into view.
Found a stone staircase leading down.
There is a stone staircase leading up here.
Casting: Summon Small Mammal
Confirm with . or Enter, or press ? or * to list all spells.
Your quokka closely misses the rat.
You hit the rat.
You kill the rat!
Found 11 gold pieces.
You now have 11 gold pieces.
There are no items here.
There is a stone staircase leading down here.
You climb downwards.
Your summoned ally is left behind.
A hobgoblin comes into view. It is wielding a club.
Found four items.
Found a stone staircase leading down.
There is a stone staircase leading up here.
e - a fuming emerald potion
f - a scroll labeled PEMMONLE LYDYX
Found a scroll labeled ITUZAS ETHRUA.
You open the door.
A bat and an orc wizard come into view.
Found a sacrificial altar of Ru.
You close the door.
g - a scroll labeled ITUZAS ETHRUA
Found a stone staircase leading up.
A worm comes into view.
Found a scroll labeled OPPYGU GUKKUG.
Casting: Summon Small Mammal
Confirm with . or Enter, or press ? or * to list all spells.
An adder comes into view.
Casting: Summon Small Mammal
Confirm with . or Enter, or press ? or * to list all spells.
The adder hisses angrily.
The worm bites your quokka!
Your quokka dies!
Your quokka's corpse disappears in a puff of smoke!
Casting: Summon Small Mammal
Confirm with . or Enter, or press ? or * to list all spells.
The adder bites your quokka.
Your quokka is poisoned.
The adder poisons your quokka!
Your quokka misses the adder. The adder bites your quokka.
Your quokka dies!
Your quokka's corpse disappears in a puff of smoke!
Casting: Summon Small Mammal
Confirm with . or Enter, or press ? or * to list all spells.
Casting: Summon Small Mammal
Confirm with . or Enter, or press ? or * to list all spells.
Your quokka bites the worm but does no damage.
The worm closely misses your quokka.
Your rat bites the worm.
Your quokka completely misses the worm.
The adder bites you.
You are poisoned.
The adder poisons you! The adder bites you.
* * * LOW HITPOINT WARNING * * *
Your quokka barely misses the worm.
Your rat bites the worm.
It was a potion of agility.
You feel agile all of a sudden.
* * * LOW HITPOINT WARNING * * *
You feel sick. The adder barely misses you.
Your quokka bites the worm. x2
The worm bites your quokka!
Your quokka dies!
Your quokka's corpse disappears in a puff of smoke!
Your rat completely misses the worm.
You closely miss the adder. The adder bites you but does no damage.
Your quokka barely misses the worm.
Your rat bites the worm.
You hit the adder but do no damage. The adder misses you.
Your quokka barely misses the worm.
The adder closely misses you.
Your rat bites the worm.
You hit the adder. You bite the adder, but do no damage.
The adder is moderately wounded.
* * * LOW HITPOINT WARNING * * *
You feel sick.
Your quokka bites the worm.
The adder closely misses you. The worm bites you.
You die...

#...?..... ####........
..<........+
...........#
...........# #.b
......r....# ....
......rw...# #._.#
.......S@...# ....
.............#.o.#
..............#..
...............+####
..........#.........#
.....................#
#....................#
#.#............#.......#
#.#.........#..#.......#


You could see a worm, an adder, a friendly quokka and a friendly rat.

Vanquished Creatures
  A rat (D:2)
1 creature vanquished.

Vanquished Creatures (collateral kills)
  A kobold (D:1)
1 creature vanquished.

Grand Total: 2 creatures vanquished

Notes
Turn   | Place    | Note
-------+----------+-------------------------------------------
     0 | D:1      | tidbits the Gnoll Summoner began the quest for the Orb.
     0 | D:1      | Reached XP level 1. HP: 13/13 MP: 6/6
    98 | D:3      | Found a sacrificial altar of Ru.
    98 | D:3      | Noticed an orc wizard
   125 | D:3      | Slain by a worm

Vault maps used:
D:1:      nzn_arrival_depleted_hourglass, minmay_domino_2
D:2:      lemuel_round_altar, first_bread
D:3:      nicolae_ru_great_annihilating_truth, tgw_sif,
          chequers_ecumenical_altar_twisty, uniq_natasha

Action                   || total
-------------------------++-------
Melee: Dagger            ||     4
       Bite              ||     1
 Cast: Summon Small Mamm ||     7
  Use: Potion            ||     1
Armor: Robe              ||     1
Dodge: Dodged            ||     4

Table legend:
 A = Spawn XP
 B = Non-spawn XP
 C = Spawn XP percentage of total XP
 D = Spawn monster count
 E = Non-spawn monster count
 F = Spawn count percentage of total count
 G = Total turns spent on level
                    A         B        C        D         E        F      G
               +---------+---------+-------+---------+---------+-------+---------
         Total |       0 |       2 |   0.0 |       0 |       2 |   0.0 |   125
               +---------+---------+-------+---------+---------+-------+---------
           D:1 |       0 |       1 |   0.0 |       0 |       1 |   0.0 |    59
           D:2 |       0 |       1 |   0.0 |       0 |       1 |   0.0 |    16
               +---------+---------+-------+---------+---------+-------+---------

Table legend:
 A = Turns spent in this place as a percentage of turns spent in the entire game.
 B = Non-inter-level travel turns spent in this place as a percentage of non-inter-level travel turns spent in the entire game.
 C = Inter-level travel turns spent in this place as a percentage of turns spent in this place.
 D = Turns resting spent in this place as a percentage of non-inter-level travel turns spent in this place.
 E = Turns spent auto-exploring this place as a percentage of non-inter-level travel turns spent in this place.
 F = Non-inter-level travel turns spent in this place divided by the number of levels of this place that you've seen.
                   A       B       C       D       E      F
               +-------+-------+-------+-------+-------+----------------------
         Total | 100.0 | 100.0 |   0.0 |   0.0 |   0.0 |  41.7
       Dungeon | 100.0 | 100.0 |   0.0 |   0.0 |   0.0 |  41.7
               +-------+-------+-------+-------+-------+----------------------

Table legend:
 A = Kills in this place as a percentage of kills in entire the game.
 B = Kills by you in this place as a percentage of kills by you in the entire game.
 C = Kills by friends in this place as a percentage of kills by friends in the entire game.
 D = Other kills in this place as a percentage of other kills in the entire game.
 E = Experience gained in this place as a percentage of experience gained in the entire game.
 F = Experience gained in this place divided by the number of levels of this place that you have seen.
                   A       B       C       D       E      F
               +-------+-------+-------+-------+-------+----------------------
         Total | 100.0 | 100.0 | 100.0 |   N/A | 100.0 |   0.7
       Dungeon | 100.0 | 100.0 | 100.0 |   N/A | 100.0 |   0.7
               +-------+-------+-------+-------+-------+----------------------

Vault maps used:
D:1:      nzn_arrival_depleted_hourglass, minmay_domino_2
D:2:      lemuel_round_altar, first_bread
D:3:      nicolae_ru_great_annihilating_truth, tgw_sif,
          chequers_ecumenical_altar_twisty, uniq_natasha
